Construct Infanterie Kompanie
Selects Luftwaffe Battlegroup
Selects Luftwaffe Pioneer Support
Fallschirmpioneer Squad Paradrop
Fallschirmpioneer Squad Paradrop
Fallschirmpioneer Squad Paradrop
Infanterie Officer Quarters
Selects LG40 Recoilless Gun Paradrop
Construct Luftwaffe Kompanie
Construct Panzergrenadier Kompanie
Selects Reconnaissance Run
Selects Fallschirmjäger Squad Paradrop
Selects Fragmentation Bombs
Nebelwerfer 42 Rocket Launcher Team
Nebelwerfer 42 Rocket Launcher Team
Nebelwerfer 42 Rocket Launcher Team
Selects Flak 38 Anti-Air Emplacement
Selects Flak 36 Anti-tank Gun Emplacement
Panzergrenadier Officer Quarters
Construct Panzer Kompanie